 Dungeon Crawl Stone Soup version 0.28.0-47-ge53b351184 (console) character file.

Game seed: 808120156052438539

911 Faeu the Shield-Bearer (level 7, -8/96 HPs)
             Began as a Minotaur Fighter on May 2, 2022.
             Mangled by a two-headed ogre
             ... wielding a +0 giant spiked club
              (16 damage)
             ... on level 5 of the Dungeon.
             The game lasted 00:09:36 (4120 turns).

Faeu the Shield-Bearer (Minotaur Fighter)           Turns: 4120, Time: 00:09:37

Health: -8/96      AC: 23    Str: 23    XL:     7   Next: 82%
Magic:  0/6        EV:  2    Int: 11    God:
Gold:   119        SH:  5    Dex:  9    Spells: 6/6 levels left

rFire   x . .      SeeInvis .   a - +0 war axe {axe}
rCold   + . .      Faith    .   c - +0 buckler
rNeg    . . .      Spirit   +   (armour currently unavailable)
rPois   +          Reflect  .   (helmet currently unavailable)
rElec   .          Harm     .   (cloak currently unavailable)
rCorr   .          Rampage  .   (gloves currently unavailable)
Will    .....      NoTele   +   (boots currently unavailable)
Stlth   +.........              p - amulet of guardian spirit
HPRegen 0.26/turn               f - ring of ice
MPRegen 0.10/turn               g - +6 ring of intelligence

@: mighty, tree-form
A: stationary, stasis, torment immunity, boosted hp, (horns 2), (retaliatory
headbutt)
a: no special abilities


You were on level 5 of the Dungeon.
You were a tree.
You visited 1 branch of the dungeon, and saw 5 of its levels.

You collected 119 gold pieces.


Innate Abilities, Weirdness & Mutations

You are a tree.
Your roots penetrate the ground, keeping you stationary.
You cannot be teleported.
You are immune to unholy pain and torment.
Your maximum health is greatly increased.
Your equipment is partially melded.
((You have a pair of horns on your head.))
((You reflexively headbutt those who attack you in melee.))


   Skills:
 + Level 6.4 Fighting
 + Level 5.8 Axes
 + Level 6.4 Armour
 + Level 6.5 Shields


You had 6 spell levels left.
You didn't know any spells.
Your spell library contained the following spells:

 Spells                   Type           Power      Damage    Failure   Level
 Animate Skeleton         Necr           0%         N/A       41%         1
 Apportation              Tloc           0%         N/A       41%         1
 Beastly Appendage        Tmut           0%         N/A       41%         1
 Summon Small Mammal      Summ           0%         N/A       41%         1
 Wereblood                Tmut           0%         N/A       56%         2
 Call Canine Familiar     Summ           0%         N/A       80%         3
 Ignite Poison            Fire/Tmut/Pois 0%         N/A       80%         3
 Mephitic Cloud           Conj/Pois/Air  0%         N/A       80%         3
 Spider Form              Tmut/Pois      0%         N/A       80%         3
 Summon Guardian Golem    Hex/Summ       0%         N/A       80%         3
 Freezing Cloud           Conj/Ice/Air   0%         6-21      100%        5

Inventory:

Hand Weapons
 a - a +0 war axe (weapon) {axe}
 r - a +0 whip of flaming {mace}
   (You took it off Pikel on level 4 of the Dungeon)
Armour
 b - a +0 scale mail
 c - a +0 buckler (worn)
 o - a +0 pair of boots (melded)
   (You found it on level 3 of the Dungeon)
 s - a +0 chain mail (melded)
   (You found it on level 4 of the Dungeon)
Jewellery
 f - a ring of ice (left branch)
   (You found it on level 1 of the Dungeon)
 g - a +6 ring of intelligence (right branch)
   (You found it on level 1 of the Dungeon)
 p - an amulet of guardian spirit (around neck)
   (You found it on level 3 of the Dungeon)
 w - a +4 ring of protection
   (You found it on level 5 of the Dungeon)
Scrolls
 i - a scroll of noise {unknown}
 j - a scroll of immolation {unknown}
 n - 4 scrolls of identify {unknown}
 v - a scroll of magic mapping {unknown}
Potions
 d - a potion of might
 e - a potion of lignification {!q}
 h - 2 potions of curing {unknown}
 k - 2 potions of mutation {unknown}
 l - a potion of ambrosia {unknown}
 m - 2 potions of heal wounds {unknown}
 q - a potion of flight {unknown}
 t - 2 potions of brilliance {unknown}
 u - a potion of haste {unknown}

Dungeon Overview and Level Annotations

Branches:
Dungeon (5/15)
 Temple: D:4-7

Altars:
Kikubaaqudgha

Shops:
D:1 :

Annotations:
D:3 Sigmund
D:4 2 transporters, Peloso's ghost, amateur MiFi

#..##.## #.####.#
#..##.# #.# #..##.# #.#
####.)##.# #.#
.....<...# #)#
#......######)## #.
#..#...# #.†..# ##≈≈w
#..##### #.##.# ..≈≈≈≈
#..########)##.###≈≈≈≈≈≈
#.........#.##.O#≈≈≈#≈..
.###.####.#.####♣≈≈≈≈.≈.
# ##.# #.#.# ##≈≈≈≈≈≈≈$
#.# #.#.# #≈Z≈≈≈≈≈≈. #
##.# #.#.###≈≈≈≈≈≈≈..
.###.## #.#[##..≈≈≈≈≈≈.<
#...## #.#.##.≈≈≈#≈≈≈..
##.######......≈≈#≈≈≈≈≈.
##.....(..†#..^.≈≈≈≈≈≈..
......)......##..≈≈≈≈#♣.
##..#######.##..#≈≈≈#≈??
#..# #.....##≈≈≈≈≈≈


You could see a two-headed ogre, a dart slug and a bullfrog skeleton.


Message History

The dart slug bites you but does no damage.
You slash the dart slug!
You kill the dart slug!
You see here a dart slug corpse. 😕 HP[+1]
You see here a dart slug corpse.
w - a +4 ring of protection 😎 HP[+8]
You enter the shallow water.
Moving in this stuff is going to be slow.
A dart slug comes into view.
Why would you want to do that?
A two-headed ogre comes into view.
It is wielding two +0 giant spiked clubs.
The two-headed ogre shouts in stereo!
The two-headed ogre barely misses you.
The two-headed ogre hits you with a +0 giant spiked club! 😕 HP[-9] MP[-1]
You take 9 damage, and now have 55/64 hp.
You lost 1 mp, and now have 5/6 mp.
You closely miss the two-headed ogre.
Your headbutt misses the two-headed ogre. 😕 HP[+1]
You hit the two-headed ogre but do no damage.
You headbutt the two-headed ogre. You block the two-headed ogre's attack.
The two-headed ogre hits you with a +0 giant spiked club! 😮 HP[-14] MP[-1]
You take 14 damage, and now have 42/64 hp.
MASSIVE DAMAGE!! (PAUSE)
You lost 1 mp, and now have 4/6 mp.
You hit the two-headed ogre.
The two-headed ogre hits you with a +0 giant spiked club!
* * * LOW HITPOINT WARNING * * *
The two-headed ogre barely misses you. 😨 HP[-14] MP[-2]
You take 14 damage, and now have 28/64 hp.
MASSIVE DAMAGE!! (PAUSE)
You lost 2 mp, and now have 2/6 mp.
You slash the two-headed ogre!
The two-headed ogre hits you with a +0 giant spiked club!!
* * * LOW HITPOINT WARNING * * *
The two-headed ogre barely misses you. 😱 HP[-17] MP[-2]
You take 17 damage, and now have 11/64 hp.
MASSIVE DAMAGE!! (PAUSE)
You lost 2 mp, and now have 0/6 mp. 😱 HP[+1] 😱 MP[+1] 😱 HP[+1]
You see here a dart slug corpse. 😱 HP[+1] 😱 MP[+1] 😱 HP[+1] 😱 HP[+1] 😱 MP[+1] 😨 HP[+1]
Things that are here:
a +0 club {mace}; a gnoll corpse 😨 HP[+1]
The two-headed ogre completely misses you. x2 😨 MP[+1] 😨 HP[+1] 😨 HP[+1]
You see here a +0 spear {polearm}.
Things that are here:
a +0 spear {polearm}; a gnoll corpse; 😨 MP[+1] 😨 HP[+1]
The two-headed ogre hits you with a +0 giant spiked club.
* * * LOW HITPOINT WARNING * * *
The two-headed ogre hits you with a +0 giant spiked club.
* * * LOW HITPOINT WARNING * * *
😱 HP[-7] MP[-2]
You take 7 damage, and now have 14/64 hp.
You lost 2 mp, and now have 3/6 mp.
A dart slug comes into view. 😱 HP[+1] Why would you want to do that?
Why would you want to do that?
You aren't carrying any items that you can evoke.
It was a potion of lignification.
You turn into a tree.
Your +0 pair of boots melds into your body.
Your +0 chain mail melds into your body.
Your roots penetrate the ground.
A bullfrog skeleton comes into view.
The dart slug launches a dart at you. The slug dart misses you. 😱 HP[+7]
You now have 96 max hp (+32).
You regained 7 hp, and now have 22/96 hp.
You hit the two-headed ogre.
The two-headed ogre hits you with a +0 giant spiked club!
* * * LOW HITPOINT WARNING * * *
The two-headed ogre hits you but does no damage.
The dart slug launches a dart at you.
The slug dart hits you but does no damage. 😱 HP[-14] MP[-2]
You take 14 damage, and now have 8/96 hp.
You lost 2 mp, and now have 1/6 mp.
You feel very mighty all of a sudden.
The two-headed ogre hits you with a +0 giant spiked club!!
You die...

Skill      XL: |  1  2  3  4  5  6 |
---------------+-------------------+-----
Armour         | 4 5 6 |  6.4
Fighting       | 4 5 6 |  6.4
Shields        | 4 5 6 |  6.5
Axes           | 3 4 5 |  5.8

Action                   |  1- 3 |  4- 6 |  7- 9 || total
-------------------------+-------+-------+-------++-------
Melee: War axe           |   107 |    45 |    55 ||   207
       Headbutt          |     9 |    10 |     8 ||    27
  Use: Potion            |       |       |     2 ||     2
Armor: Scale mail        |    48 |    34 |     3 ||    85
       Chain mail        |       |       |    31 ||    31
       Skin              |       |       |     2 ||     2
Dodge: Dodged            |    54 |    33 |    26 ||   113
Block: Buckler           |    22 |    17 |     8 ||    47

Levels and vault maps discovered:
D:1:      grunt_arrival_lava_bath, layout_loops_ring, serial_shops,
          nicolae_shop_window_shopping, hellmonk_ecumenical_altar_heavens_door
D:2:      wad_pebble_path, layout_basic
D:3:      minmay_inner_zag, layout_basic, nicolae_overflow_crystal_walls,
          mainiacjoe_overflow_small_starburst, minivault_5, minivault_11,
          uniq_sigmund
D:4:      layout_cave_pools, gup_sewer_entry_bubbles, gammafunk_ghost_arena,
          minmay_between, uniq_pikel
D:5:      kennysheep_slugbush, layout_loops_ring, lemuel_temple_firewalk_b,
          uniq_menkaure

Notes
Turn   | Place    | Note
-------+----------+-------------------------------------------
     0 | D:1      | Faeu the Minotaur Fighter began the quest for the Orb.
     0 | D:1      | Reached XP level 1. HP: 19/19 MP: 0/0
     0 | D:1      | magus.rc [v1.9.6]
   259 | D:1      | Reached XP level 2. HP: 21/27 MP: 1/1
   422 | D:1      | magus.rc [v1.9.6]
   458 | D:1      | You pick up a book of Changes and begin reading...
   458 | D:1      | You add the spells Beastly Appendage, Wereblood and Spider
                  | Form to your library.
   483 | D:1      | Reached skill level 4 in Armour
   596 | D:1      | Reached skill level 4 in Fighting
   602 | D:1      | Found a faded altar of an unknown god.
   634 | D:1      | Reached skill level 4 in Shields
   775 | D:1      | Found Zuymaso's Book Shop.
   858 | D:1      | Reached skill level 3 in Axes
   989 | D:1      | Reached XP level 3. HP: 17/33 MP: 2/2
  2114 | D:3      | Found an ancient bone altar of Kikubaaqudgha.
  2128 | D:3      | You pick up a book of Callings and begin reading...
  2128 | D:3      | You add the spells Summon Small Mammal, Call Canine
                  | Familiar and Summon Guardian Golem to your library.
  2270 | D:3      | Noticed a scorpion
  2275 | D:3      | Killed a scorpion
  2276 | D:3      | Reached XP level 4. HP: 21/41 MP: 3/3
  2521 | D:3      | Noticed Sigmund
  2629 | D:4      | Found a transporter.
  2633 | D:4      | Noticed a necrophage
  2642 | D:4      | Noticed Peloso's ghost (amateur MiFi)
  2660 | D:5      | Entered Level 5 of the Dungeon
  2662 | D:5      | Reached XP level 5. HP: 23/47 MP: 2/4
  2664 | D:5      | HP: 9/47 [iguana (6)]
  2668 | D:5      | HP: 1/47 [iguana (7)]
  2671 | D:5      | Reached skill level 4 in Axes
  2728 | D:5      | Reached skill level 5 in Shields
  3009 | D:4      | Killed a necrophage
  3010 | D:4      | Reached skill level 5 in Fighting
  3010 | D:4      | Reached skill level 5 in Armour
  3010 | D:4      | Reached XP level 6. HP: 32/56 MP: 2/5
  3024 | D:4      | Found a transporter.
  3114 | D:4      | You add the spells Ignite Poison, Mephitic Cloud and
                  | Freezing Cloud to your library.
  3136 | D:4      | Noticed Pikel
  3247 | D:4      | Killed Pikel
  3248 | D:4      | Reached skill level 6 in Fighting
  3248 | D:4      | Reached skill level 5 in Axes
  3248 | D:4      | Reached skill level 6 in Armour
  3248 | D:4      | Reached skill level 6 in Shields
  3248 | D:4      | Reached XP level 7. HP: 20/63 MP: 3/6
  3656 | D:4      | You pick up a book of Cantrips and begin reading...
  3656 | D:4      | You add the spells Animate Skeleton and Apportation to your
                  | library.
  4059 | D:5      | Noticed a two-headed ogre
  4066 | D:5      | HP: 11/64 [two-headed ogre/+0 giant spiked club (17)]
  4116 | D:5      | HP: 14/64 [two-headed ogre/+0 giant spiked club (5)]
  4120 | D:5      | Mangled by a two-headed ogre

Vanquished Creatures
  Pikel (D:4)
  A necrophage (D:4)
  A scorpion (D:3)
  A hound (D:4)
  A jelly (D:5)
  A bullfrog skeleton (D:5)
  2 iguanas (D:5)
  4 gnolls (D:5)
  A howler monkey skeleton (D:4)
  3 adders
  A river rat (D:4)
  3 adder skeletons (D:4)
  2 worms (D:4)
  2 dart slugs (D:5)
  An orc (D:4)
  3 ball pythons
  8 bats
  9 endoplasms
  A giant cockroach (D:2)
  7 goblins
  7 hobgoblins
  4 jackals (D:1)
  5 kobolds
  6 quokkas
  A frilled lizard (D:1)
  5 rats
81 creatures vanquished.

Table legend:
 A = Non-vault XP
 B = Vault XP
 C = Vault XP percentage of total XP
 D = Non-vault monster count
 E = Vault monster count
 F = Vault count percentage of total count
                 A         B        C        D         E       F
            +---------+---------+-------+---------+---------+-------
      Total |     525 |     777 |  59.7 |      63 |      18 |  22.2
            +---------+---------+-------+---------+---------+-------
        D:1 |      46 |       0 |   0.0 |      25 |       0 |   0.0
        D:2 |      26 |       0 |   0.0 |       9 |       0 |   0.0
        D:3 |       9 |      89 |  90.8 |       5 |       5 |  50.0
        D:4 |     229 |     680 |  74.8 |      15 |      11 |  42.3
        D:5 |     215 |       8 |   3.6 |       9 |       2 |  18.2
            +---------+---------+-------+---------+---------+-------

Illustrated notes

Table legend:
 A = Kills in this place as a percentage of kills in entire the game.
 B = Kills by you in this place as a percentage of kills by you in the entire game.
 C = Kills by friends in this place as a percentage of kills by friends in the entire game.
 D = Other kills in this place as a percentage of other kills in the entire game.
 E = Experience gained in this place as a percentage of experience gained in the entire game.
 F = Experience gained in this place divided by the number of levels of this place that you have seen.
                   A       B       C       D       E      F
               +-------+-------+-------+-------+-------+----------------------
         Total | 100.0 | 100.0 |   N/A |   N/A | 100.0 | 260.4
       Dungeon | 100.0 | 100.0 |   N/A |   N/A | 100.0 | 260.4
               +-------+-------+-------+-------+-------+----------------------

Table legend: (Time is in decaauts)
 A = Elapsed time spent in this place.
 B = Non-inter-level travel time spent in this place.
 C = Inter-level travel time spent in this place.
 D = Time resting spent in this place.
 E = Time spent auto-exploring this place.
 F = Levels seen in this place.
 G = Mean time per level.
                   A        B        C        D        E       F      G
               +--------+--------+--------+--------+--------+-----+--------+
         Total |   4221 |   4119 |    102 |    545 |   2496 |   5 |  844.2 |
       Dungeon |   4221 |   4119 |    102 |    545 |   2496 |   5 |  844.2 |
               +--------+--------+--------+--------+--------+-----+--------+

Top non-repeatable levels by time:
     D:1: 1294 daAuts
     D:4: 921 daAuts
     D:2: 806 daAuts
     D:5: 630 daAuts
     D:3: 568 daAuts
